 Dungeon Crawl Stone Soup version 0.19.1-1-g22dce08 (webtiles) character file.

2006 somonday the Magician (level 9, -25/57 HPs)
             Began as a Mummy Fire Elementalist on Jan 19, 2017.
             Was an Initiate of Ashenzari.
             Killed from afar by a lindwurm (42 damage)
             ... with a blast of flame
             ... created by the adversity of Qazlal
             ... on level 2 of the Dungeon.
             The game lasted 00:53:27 (14237 turns).

somonday the Magician (Mummy Fire Elementalist)    Turns: 14237, Time: 00:53:28

Health: -25/57     AC:  8    Str: 10 (11) XL:     9   Next: 2%
Magic:  19/19      EV: 10    Int: 21      God:    Ashenzari [......]
Gold:   229        SH:  0    Dex: 12      Spells: 2 memorised, 18 levels left

rFire  x . .     SeeInvis .     (no weapon)
rCold  + . .     Gourm    .     u - +2 ring mail of Istror {Int+3}
rNeg   + + +     Faith    .     (no shield)
rPois  ∞         Spirit   .     (no helmet)
rElec  .         Reflect  .     q - +0 cloak
rCorr  .         Harm     .     (no gloves)
MR     ++...                    (no boots)
Stlth  +.........               d - amulet of regeneration
                                (no ring)
                                v - ring of protection from magic

@: frozen, very slightly contaminated, very slow
A: no food or potions, fire vulnerability, cold resistance 1, negative energy
resistance 3, torment resistance, unbreathing
a: Curse Item, Renounce Religion


You were on level 2 of the Dungeon.
You worshipped Ashenzari.
Ashenzari was noncommittal.
You were not hungry.

You visited 1 branch of the dungeon, and saw 6 of its levels.

You collected 229 gold pieces.

Inventory:

Hand Weapons
 p - a +2 quarterstaff of chaos
 r - a +4 flail of crushing
 x - the +7 longbow "Piercer" {penet, EV-2}
   (You found it on level 6 of the Dungeon)

   Ammo fired by it will pass through the targets it hits, potentially hitting
   all targets in its path until it reaches maximum range.
   It affects your evasion (-2).
Missiles
 y - 79 arrows
Armour
 a - a +0 robe
 e - a +0 cloak
 q - a +0 cloak (worn)
 u - the +2 ring mail of Istror (worn) {Int+3}
   (You found it on level 5 of the Dungeon)

   It affects your intelligence (+3).
Jewellery
 d - an amulet of regeneration (around neck)
 g - an uncursed amulet of the gourmand
 v - a ring of protection from magic (left hand)
 w - a +5 ring of strength
Scrolls
 f - 5 scrolls of identify
 i - a scroll of immolation
 j - 3 scrolls of remove curse
 k - 3 scrolls of fear
 l - a scroll of random uselessness
 o - a scroll of teleportation {unknown}
 s - a scroll of recharging {unknown}
 t - a scroll of enchant armour {unknown}
Books
 b - a book of Flames

   Spells                             Type                      Level
   a - Flame Tongue                   Conjuration/Fire             1
   b - Throw Flame                    Conjuration/Fire             2
   c - Conjure Flame                  Conjuration/Fire             3
   d - Inner Flame                    Hexes/Fire                   3
   e - Sticky Flame                   Conjuration/Fire             4
   f - Fireball                       Conjuration/Fire             5


   Skills:
 - Level 0.4 Staves
 - Level 1.5 Dodging
 - Level 1.5 Stealth
 - Level 7.0 Spellcasting
 + Level 6.0 Conjurations
 - Level 5.2 Fire Magic


You had 18 spell levels left.
You knew the following spells:

 Your Spells              Type           Power        Failure   Level  Hunger
a - Flame Tongue          Conj/Fire      ####.        2%          1    N/A
b - Conjure Flame         Conj/Fire      ####....     10%         3    N/A

Dungeon Overview and Level Annotations

Branches:
Dungeon (6/15)
 Temple: D:4-7

Altars:
Ashenzari
Qazlal


Innate Abilities, Weirdness & Mutations

You do not eat or drink.
Your flesh is vulnerable to fire.
You are immune to poison.
Your flesh is cold resistant. (rC+)
You are immune to negative energy. (rN+++)
You are immune to unholy pain and torment.
You can survive without breathing.


Message History

The lindwurm bites you! The lindwurm claws you.
The lindwurm claws you but does no damage.
As you read the scroll labeled REXIRPH HIVVOSE, it crumbles to dust.
You hear a loud clanging noise!
It was a scroll of noise.
The rime drake bites you. The lindwurm barely misses you.
The lindwurm claws you but does no damage.
The lindwurm claws you!
* * * LOW HITPOINT WARNING * * *
Okay, then.
Unknown command.
Blink to where?
Press: ? - help, Dir - move target cursor You are very lightly contaminated with residual magic.
As you read the scroll labeled AKEWAO TIMIMP, it crumbles to dust.
It was a scroll of blinking.
The lindwurm breathes flames at you. The blast of flame hits you!
The fire burns you terribly!
Ouch! That really hurt!
You die...

.....'.......#######
######.....#.......#
..............####.#
#............># #.#
#.####.....#..# #.#
#.##....#.....####.#
#.......#.###....#.#
#..#.##.#.# ####.#.#
#..#..#.#.# #@#.##
#.....#.#.######....#
##....#.#...........#
#####.#.#.#########.#######
# #.#.###### #.kk....#
#####.#.#....############.#
......#.#.##.#....## #.#
....<.#.#.##.......######.#
.###.##.#..#.#..........#.#


You could see a lindwurm (inner flame) and a rime drake (inner flame).

Vanquished Creatures
  A deep troll (D:1)
  The ghost of Zleub the Skirmisher, a novice HuFi (D:3)
  Edmund (D:4)
  A black bear (D:6)
  An ogre (D:6)
  A bullfrog (D:6)
  2 scorpions
  2 crimson imps (D:5)
  2 hounds
  Crazy Yiuf (D:4)
  4 orc priests (D:5)
  2 iguanas
  6 worker ants
  2 orc wizards
  A howler monkey skeleton (D:5)
  6 adders
  2 shadow imps
  3 oozes
  An adder zombie (D:6)
  6 worms
  A dart slug (D:1)
  4 leopard geckos
  13 orcs
  5 bats
  7 giant cockroaches
  5 goblins
  9 hobgoblins
  4 jackals
  2 quokkas
  2 ball pythons
  7 frilled lizards
  8 kobolds
  9 rats
122 creatures vanquished.

Notes
Turn   | Place    | Note
-------+----------+-------------------------------------------
     0 | D:1      | somonday the Mummy Fire Elementalist began the quest for the Orb.
     0 | D:1      | Reached XP level 1. HP: 13/13 MP: 3/3
   461 | D:1      | Reached XP level 2. HP: 16/19 MP: 3/5
   998 | D:2      | Found a shattered altar of Ashenzari.
  1070 | D:2      | Reached XP level 3. HP: 17/24 MP: 2/7
  1245 | D:2      | Reached skill level 3 in Spellcasting
  1303 | D:2      | Reached skill level 1 in Conjurations
  1359 | D:2      | You fall through a shaft!
  1500 | D:2      | Reached XP level 4. HP: 22/30 MP: 0/8
  2363 | D:3      | Found a stormy altar of Qazlal.
  2398 | D:3      | Became a worshipper of Qazlal Stormbringer
  2402 | D:3      | Noticed Zleub's ghost (novice HuFi)
  3184 | D:4      | Noticed an ogre
  3396 | D:4      | Reached XP level 5. HP: 21/35 MP: 1/9
  3471 | D:4      | Noticed Edmund
  3709 | D:4      | Learned a level 3 spell: Conjure Flame
  3944 | D:4      | Found a runed door.
  3948 | D:4      | Noticed Crazy Yiuf
  3955 | D:4      | Killed Crazy Yiuf
  4083 | D:4      | Reached XP level 6. HP: 11/41 MP: 5/10
  4237 | D:4      | Killed Edmund
  4237 | D:4      | Reached skill level 5 in Fire Magic
  4460 | D:5      | Entered Level 5 of the Dungeon
  4512 | D:5      | Got an encrusted ring mail
  4800 | D:5      | Reached skill level 4 in Spellcasting
  4800 | D:5      | Reached XP level 7. HP: 43/46 MP: 7/13
  5213 | D:4      | Identified the +2 ring mail of Istror {Int+3} (You found it on level 5 of the Dungeon)
  5232 | D:5      | Reached * piety under Qazlal
  5232 | D:5      | Reached skill level 5 in Spellcasting
  5953 | D:6      | Reached skill level 6 in Spellcasting
  6013 | D:6      | Reached XP level 8. HP: 28/52 MP: 7/17
  6017 | D:6      | Noticed a cyclops
  6236 | D:6      | Reached skill level 7 in Spellcasting
  6853 | D:3      | Killed Zleub's ghost
  7199 | D:2      | Fell from the grace of Qazlal
  7199 | D:2      | Became a worshipper of Ashenzari the Shackled
 12826 | D:1      | Noticed a deep troll
 12861 | D:1      | Killed a deep troll
 12861 | D:1      | Reached XP level 9. HP: 57/57 MP: 7/19
 14021 | D:1      | Noticed a rime drake
 14021 | D:1      | Noticed a wind drake
 14232 | D:1      | Noticed a rime drake
 14232 | D:1      | Noticed a fire crab
 14232 | D:1      | Noticed a lindwurm
 14237 | D:2      | Killed from afar by a lindwurm

Skill      XL: |  1  2  3  4  5  6  7  8 |
---------------+-------------------------+-----
Fire Magic     | 3 4 5 |  5.2
Spellcasting   | 3 4 6 7 |  7.0
Conjurations   | 1 2 6 |  6.0
Staves         | |  0.4
Dodging        | |  1.5
Stealth        | |  1.5

Action                   |  1- 3 |  4- 6 |  7- 9 || total
-------------------------+-------+-------+-------++-------
Melee: Club              |    24 |    10 |       ||    34
       Unarmed           |     2 |       |       ||     2
       Dagger            |       |     2 |       ||     2
       Quarterstaff      |       |    11 |    60 ||    71
 Fire: Longbow           |       |       |    30 ||    30
 Cast: Flame Tongue      |    50 |   117 |   119 ||   286
       Conjure Flame     |       |     2 |     5 ||     7
  Use: Scroll            |       |       |     6 ||     6
Armor: Robe              |     9 |    12 |     3 ||    24
       Ring mail         |       |       |    38 ||    38
Dodge: Dodged            |    36 |    50 |    51 ||   137
Block: Other             |       |       |     2 ||     2
